 Dungeon Crawl Stone Soup version v1.0-3-g0d6430d (webtiles) character file.

315 TheOrbIsALie the Conjurer (level 6, -3/52 HPs)
             Began as an Obsidian Dwarf Sorcerer on Oct 7, 2018.
             Slain by an adder (6 damage)
             ... on level 3 of the Dungeon.
             The game lasted 00:04:13 (1890 turns).

TheOrbIsALie the Conjurer (Obsidian Dwarf Sorcerer) Turns: 1890, Time: 00:04:14

Health: -3/52      AC:  0    Str: 10    XL:     6   Next: 19%
Magic:  0/0        EV: 12    Int: 21    God:
Gold:   47         SH:  0    Dex:  9    Spells: 4/9 levels left

rFire    . . .     SeeInvis .   h - +0 spear (pierce)
rCold    . . .     Gourm    .   (no shield)
rNeg     . . .     Faith    .   b - -2 robe {Archmagi}
rPois    .         Spirit   .   (no helmet)
rElec    .         Reflect  .   (no cloak)
rCorr    .         Harm     +   (no gloves)
MR       .....                  (no boots)
Stlth    +.........             (no amulet)
HPRegen  0.17/turn              k - ring of loudness (curse)
MPRegen  0.07/turn              (no ring)

@: very slightly contaminated
A: no MP, cast from HP, harm
a: no special abilities


You were on level 3 of the Dungeon.
You were near starving.

You visited 1 branch of the dungeon, and saw 3 of its levels.

You collected 47 gold pieces.

Inventory:

Hand Weapons
 h - a +0 spear of piercing (weapon)
Armour
 b - a -2 robe of the Archmagi (worn)
Jewellery
 k - a cursed ring of loudness (left hand)
Scrolls
 a - 2 scrolls of remove curse {unknown}
 e - 2 scrolls of enchant weapon {unknown}
 f - 3 scrolls of identify {unknown}
 i - a scroll of blinking {unknown}
 n - a scroll of immolation {unknown}
 p - a scroll of teleportation {unknown}
Potions
 d - a potion of cancellation {unknown}
 g - a potion of lignification {unknown}
 j - 3 potions of curing {unknown}
 l - a potion of invisibility {unknown}
 m - a potion of flight {unknown}
 o - 2 potions of might {unknown}
Comestibles
 c - 6 rations


   Skills:
 - Level 3.7 Fighting
 - Level 2.0 Dodging
 - Level 1.7 Stealth
 - Level 2.1 Spellcasting
 + Level 6.3 Conjurations


You had 4 spell levels left.
You knew the following spells:

 Your Spells              Type           Power        Failure   Level  Hunger
a - Magic Dart            Conj           ####         1%          1    #......
b - Iskenderun's Mystic   Conj           #####...     11%         4    #####..


Dungeon Overview and Level Annotations

Branches:
Dungeon (3/15)

Altars:
Uskayaw


Message History

Press: ? - help, Shift-Dir - straight line, f/p - adder
Aim: an adder (lightly wounded)
You feel a surge of power!
The magic dart hits the adder.
The adder is moderately wounded.
Casting: Magic Dart (safe; 1% risk of failure)
Confirm with . or Enter, or press ? or * to list all spells.
Aiming: Magic Dart (safe; 1% risk of failure)
Press: ? - help, Shift-Dir - straight line, f/p - adder
Aim: an adder (moderately wounded)
You feel a surge of power!
The magic dart hits the adder.
The adder is heavily wounded.
Casting: Magic Dart (safe; 1% risk of failure)
Confirm with . or Enter, or press ? or * to list all spells.
Aiming: Magic Dart (safe; 1% risk of failure)
Press: ? - help, Shift-Dir - straight line, f/p - adder
Aim: an adder (heavily wounded)
You feel a surge of power!
The magic dart hits the adder.
The adder is heavily wounded.
The adder bites you.
You die...

#########
#.......######
#...###....@.#
###..#######S# ##..##
... ##..## #....
##..## ...).. ##.>#
...... ##.# #....#..
########.##........
######...............


You could see an adder.

Vanquished Creatures
  Purgy (D:3)
  A hound (D:2)
  Jessica (D:2)
  4 gnolls
  5 adders
  An ooze (D:3)
  2 worms (D:2)
  2 dart slugs (D:1)
  5 orcs (D:3)
  6 bats
  A giant cockroach (D:1)
  7 goblins
  5 hobgoblins
  10 jackals
  4 kobolds
  3 quokkas (D:2)
  4 frilled lizards
  4 rats
66 creatures vanquished.

Notes
Turn   | Place    | Note
-------+----------+-------------------------------------------
     0 | D:1      | TheOrbIsALie the Obsidian Dwarf Sorcerer began the quest for the Orb.
     0 | D:1      | Reached XP level 1. HP: 14/14 MP: 0/0
   137 | D:1      | Reached skill level 4 in Conjurations
   137 | D:1      | Reached XP level 2. HP: 12/20 MP: 0/5
   261 | D:1      | Reached skill level 1 in Fighting
   486 | D:1      | Reached XP level 3. HP: 19/29 MP: 0/6
   884 | D:2      | Reached XP level 4. HP: 18/38 MP: 0/7
  1192 | D:2      | Found a hide-covered altar of Uskayaw.
  1197 | D:2      | Noticed a hand axe
  1198 | D:2      | Noticed a hand axe
  1239 | D:2      | Noticed Jessica
  1242 | D:2      | Killed Jessica
  1263 | D:2      | Reached XP level 5. HP: 9/46 MP: 0/8
  1328 | D:2      | Reached skill level 5 in Conjurations
  1759 | D:2      | Learned a level 4 spell: Iskenderun's Mystic Blast
  1879 | D:3      | Noticed Purgy
  1885 | D:3      | Killed Purgy
  1885 | D:3      | Reached skill level 6 in Conjurations
  1885 | D:3      | Reached XP level 6. HP: 7/52 MP: 0/9
  1890 | D:3      | Slain by an adder

Skill      XL: |  1  2  3  4  5 |
---------------+----------------+-----
Conjurations   | 4 6 |  6.3
Fighting       | 1 3 |  3.7
Dodging        | |  2.0
Stealth        | |  1.7
Spellcasting   | |  2.1

Action                   |  1- 3 |  4- 6 || total
-------------------------+-------+-------++-------
 Cast: Magic Dart        |    61 |    89 ||   150
       Iskenderun's Myst |       |     5 ||     5
  Eat: Chunk             |       |     3 ||     3
Dodge: Dodged            |    10 |    12 ||    22
